[ AOE2 MATCH · #494488646 ]
UnrankedShu vs Portuguese
Player's team · WIN
Rival team · LOSS
[ REPLAY ANALYSIS · EXTRACTED FROM THE RECORDED GAME ]
Feudal
9:18
Castle
28:34
Imperial
—
| APM avg | 74.9 |
| APM peak | 106 |
| eAPM avg | 34.5 |
| Villagers / military | 67 / 26 |
Focus
⚔️ 41.2% · 🌾 58.8%
Archer ×14 · Unknown (1944) ×12 · Skirmisher ×9 · Monk ×3
Feudal
11:20
Castle
25:03
Imperial
—
| APM avg | 58.6 |
| APM peak | 109 |
| eAPM avg | 23.1 |
| Villagers / military | 65 / 35 |
Focus
⚔️ 25.5% · 🌾 74.5%
Knight ×8 · Skirmisher ×8 · Militia ×7 · Archer ×6 · Mangonel ×3 · Scorpion ×2
Match map
Initial resources + every placement click. Lines = walls · curves = elevation contours. ◆ gold · ⬟ stone · ● berries · ✦ relic · ◌ wall gap
Your base· Open — 4t gap
Jerry's base· Open — 8t gap
Smoothed initial terrain · ◌ = detected wall gap · hover for details
Inputs per minute
— 奉天讨贼 Latin America lagge - - Jerry
Build order — 奉天讨贼 Latin America lagge
First 150 of 189 actions detected
| 0:00 | Create | Villager (Male) |
| 0:02 | Build | House |
| 0:04 | Build | House |
| 0:05 | Create | Villager (Male) |
| 0:05 | Create | Villager (Male) |
| 0:05 | Create | Villager (Male) |
| 1:26 | Create | Villager (Male) |
| 2:07 | Create | Villager (Male) |
| 2:27 | Create | Villager (Male) |
| 2:44 | Create | Villager (Male) |
| 3:20 | Create | Villager (Male) |
| 3:20 | Create | Villager (Male) |
| 3:26 | Build | House |
| 3:40 | Create | Villager (Male) |
| 4:05 | Create | Villager (Male) |
| 4:35 | Create | Villager (Male) |
| 4:35 | Create | Villager (Male) |
| 4:57 | Build | Lumber Camp |
| 5:03 | Create | Villager (Male) |
| 5:17 | Create | Villager (Male) |
| 5:30 | Create | Villager (Male) |
| 5:30 | Create | Villager (Male) |
| 5:43 | Build | House |
| 6:24 | Build | Mining Camp |
| 6:38 | Research | Loom |
| 7:02 | Research | Feudal Age |
| 7:44 | Create | Villager (Male) |
| 8:09 | Build | Palisade Wall |
| 8:10 | Build | Palisade Wall |
| 8:11 | Build | Palisade Wall |
| 8:13 | Build | Palisade Wall |
| 8:14 | Build | Palisade Wall |
| 8:23 | Create | Villager (Male) |
| 8:28 | Build | Barracks |
| 9:18 | Age | Feudal Age |
| 9:23 | Build | Archery Range |
| 9:32 | Research | Double-Bit Axe |
| 9:51 | Create | Villager (Male) |
| 9:59 | Build | Palisade Wall |
| 10:00 | Build | Palisade Wall |
| 10:02 | Build | Palisade Wall |
| 10:03 | Build | Palisade Wall |
| 10:09 | Create | Archer |
| 10:10 | Create | Archer |
| 10:12 | Create | Villager (Male) |
| 10:34 | Create | Villager (Male) |
| 10:46 | Build | Blacksmith |
| 10:50 | Build | Mill |
| 11:04 | Build | House |
| 11:05 | Build | House |
| 11:27 | Create | Villager (Male) |
| 11:37 | Build | Farm |
| 11:48 | Create | Archer |
| 11:58 | Create | Villager (Male) |
| 12:02 | Build | Mining Camp |
| 12:19 | Build | House |
| 12:26 | Create | Archer |
| 12:40 | Create | Villager (Male) |
| 12:47 | Build | House |
| 12:50 | Create | Villager (Male) |
| 13:04 | Create | Villager (Male) |
| 13:09 | Build | House |
| 13:27 | Build | Outpost |
| 13:31 | Create | Villager (Male) |
| 14:00 | Build | Outpost |
| 14:02 | Create | Archer |
| 14:02 | Create | Villager (Male) |
| 14:14 | Create | Villager (Male) |
| 14:28 | Build | Watch Tower |
| 14:45 | Research | Fletching |
| 14:45 | Research | Fletching |
| 14:46 | Create | Villager (Male) |
| 15:13 | Create | Villager (Male) |
| 15:33 | Build | Watch Tower |
| 15:52 | Create | Archer |
| 15:54 | Create | Villager (Male) |
| 15:54 | Create | Villager (Male) |
| 16:00 | Build | Archery Range |
| 16:04 | Create | Skirmisher |
| 16:04 | Create | Skirmisher |
| 16:27 | Create | Villager (Male) |
| 16:32 | Create | Villager (Male) |
| 16:33 | Create | Villager (Male) |
| 17:02 | Create | Skirmisher |
| 17:04 | Build | House |
| 17:12 | Create | Skirmisher |
| 17:13 | Create | Skirmisher |
| 17:23 | Build | Watch Tower |
| 17:28 | Create | Skirmisher |
| 17:28 | Create | Skirmisher |
| 17:48 | Create | Skirmisher |
| 18:13 | Create | Skirmisher |
| 19:04 | Build | House |
| 19:12 | Build | Farm |
| 19:12 | Build | Farm |
| 19:13 | Build | Farm |
| 19:54 | Build | Lumber Camp |
| 19:57 | Build | Mining Camp |
| 19:59 | Create | Villager (Male) |
| 19:59 | Create | Villager (Male) |
| 20:06 | Build | Palisade Wall |
| 20:19 | Build | Farm |
| 20:21 | Build | Farm |
| 20:31 | Create | Villager (Male) |
| 20:53 | Build | Farm |
| 21:03 | Create | Villager (Male) |
| 21:03 | Create | Villager (Male) |
| 21:07 | Build | Farm |
| 21:28 | Build | Watch Tower |
| 21:31 | Create | Villager (Male) |
| 21:34 | Build | Farm |
| 21:44 | Build | Mining Camp |
| 21:50 | Create | Villager (Male) |
| 21:50 | Create | Villager (Male) |
| 22:00 | Build | Market |
| 22:20 | Build | Watch Tower |
| 22:27 | Create | Villager (Male) |
| 22:27 | Create | Villager (Male) |
| 22:43 | Create | Villager (Male) |
| 23:14 | Create | Villager (Male) |
| 23:21 | Build | Farm |
| 23:24 | Build | Farm |
| 23:30 | Create | Villager (Male) |
| 24:15 | Create | Archer |
| 24:16 | Create | Archer |
| 24:23 | Create | Villager (Male) |
| 24:44 | Build | Watch Tower |
| 24:49 | Build | Farm |
| 24:50 | Create | Villager (Male) |
| 24:51 | Create | Villager (Male) |
| 24:54 | Build | Farm |
| 25:14 | Build | Outpost |
| 25:18 | Create | Villager (Male) |
| 25:33 | Build | Watch Tower |
| 25:54 | Research | Castle Age |
| 26:09 | Research | Padded Archer Armor |
| 26:14 | Create | Archer |
| 26:19 | Build | Palisade Wall |
| 26:19 | Build | Palisade Wall |
| 26:25 | Build | Palisade Wall |
| 26:43 | Create | Archer |
| 26:43 | Create | Archer |
| 26:55 | Build | Watch Tower |
| 27:08 | Research | Scale Barding Armor |
| 27:14 | Build | Stable |
| 27:35 | Create | Archer |
| 27:35 | Create | Archer |
| 27:46 | Build | Watch Tower |
| 27:48 | Create | Villager (Male) |
| 28:09 | Research | Forging |
Build order — Jerry
First 150 of 158 actions detected
| 0:01 | Create | Villager (Male) |
| 0:01 | Create | Villager (Male) |
| 0:02 | Build | House |
| 0:03 | Build | House |
| 0:15 | Create | Villager (Male) |
| 0:19 | Create | Villager (Male) |
| 1:34 | Create | Villager (Male) |
| 1:34 | Create | Villager (Male) |
| 1:50 | Build | Lumber Camp |
| 1:59 | Create | Villager (Male) |
| 2:22 | Create | Villager (Male) |
| 2:52 | Create | Villager (Male) |
| 2:52 | Create | Villager (Male) |
| 2:52 | Create | Villager (Male) |
| 3:22 | Create | Villager (Male) |
| 3:22 | Create | Villager (Male) |
| 3:43 | Create | Villager (Male) |
| 3:52 | Build | House |
| 4:11 | Create | Villager (Male) |
| 4:11 | Create | Villager (Male) |
| 4:12 | Create | Villager (Male) |
| 4:12 | Create | Villager (Male) |
| 4:33 | Build | Barracks |
| 4:51 | Create | Villager (Male) |
| 5:03 | Build | House |
| 5:08 | Create | Villager (Male) |
| 5:23 | Create | Villager (Male) |
| 5:30 | Create | Militia |
| 5:42 | Create | Villager (Male) |
| 5:58 | Create | Militia |
| 6:02 | Build | Mill |
| 6:18 | Create | Villager (Male) |
| 6:18 | Create | Villager (Male) |
| 6:18 | Create | Villager (Male) |
| 6:37 | Build | House |
| 6:47 | Create | Militia |
| 7:01 | Create | Villager (Male) |
| 7:19 | Create | Villager (Male) |
| 7:32 | Build | Farm |
| 7:38 | Create | Villager (Male) |
| 7:38 | Research | Loom |
| 8:30 | Build | Farm |
| 8:44 | Create | Villager (Male) |
| 9:01 | Build | Farm |
| 9:08 | Research | Feudal Age |
| 9:08 | Research | Feudal Age |
| 9:22 | Build | Mining Camp |
| 9:59 | Build | House |
| 10:04 | Build | Palisade Wall |
| 10:06 | Build | Palisade Wall |
| 10:20 | Build | Farm |
| 10:38 | Create | Militia |
| 11:08 | Create | Villager (Male) |
| 11:20 | Age | Feudal Age |
| 11:23 | Build | Archery Range |
| 11:25 | Create | Villager (Male) |
| 11:39 | Research | Man-at-Arms (upgrade) |
| 12:05 | Build | Palisade Wall |
| 12:32 | Create | Villager (Male) |
| 12:32 | Create | Villager (Male) |
| 12:42 | Create | Villager (Male) |
| 12:45 | Create | Archer |
| 12:47 | Create | Archer |
| 12:49 | Build | Farm |
| 12:50 | Create | Villager (Male) |
| 12:52 | Build | Blacksmith |
| 13:22 | Create | Militia |
| 13:38 | Create | Villager (Male) |
| 13:50 | Build | House |
| 13:54 | Build | House |
| 13:57 | Create | Skirmisher |
| 14:00 | Create | Militia |
| 14:17 | Research | Padded Archer Armor |
| 14:18 | Research | Fletching |
| 14:21 | Create | Skirmisher |
| 14:38 | Build | Archery Range |
| 14:41 | Create | Villager (Male) |
| 14:47 | Create | Villager (Male) |
| 15:03 | Create | Skirmisher |
| 15:04 | Create | Skirmisher |
| 15:06 | Build | House |
| 15:07 | Research | Padded Archer Armor |
| 15:07 | Research | Padded Archer Armor |
| 15:08 | Create | Villager (Male) |
| 15:13 | Build | Palisade Wall |
| 15:45 | Create | Villager (Male) |
| 15:48 | Create | Villager (Male) |
| 15:50 | Create | Skirmisher |
| 15:50 | Create | Skirmisher |
| 16:04 | Build | Palisade Wall |
| 16:08 | Create | Villager (Male) |
| 16:14 | Create | Militia |
| 16:48 | Create | Villager (Male) |
| 16:48 | Create | Villager (Male) |
| 17:00 | Create | Villager (Male) |
| 17:01 | Build | Farm |
| 17:07 | Build | Mining Camp |
| 17:29 | Build | Palisade Wall |
| 17:43 | Build | Watch Tower |
| 18:02 | Create | Villager (Male) |
| 18:06 | Create | Skirmisher |
| 18:06 | Create | Skirmisher |
| 18:53 | Build | Mining Camp |
| 19:07 | Create | Villager (Male) |
| 19:13 | Create | Archer |
| 20:02 | Build | Farm |
| 20:06 | Create | Villager (Male) |
| 20:37 | Build | Farm |
| 20:52 | Build | Market |
| 20:53 | Create | Villager (Male) |
| 21:11 | Create | Archer |
| 21:12 | Create | Archer |
| 21:19 | Create | Villager (Male) |
| 21:36 | Build | Watch Tower |
| 21:51 | Create | Villager (Male) |
| 22:24 | Research | Castle Age |
| 22:24 | Research | Castle Age |
| 22:45 | Create | Archer |
| 22:50 | Build | Stable |
| 24:08 | Build | Mining Camp |
| 24:44 | Build | Lumber Camp |
| 24:45 | Create | Scout Cavalry |
| 25:03 | Age | Castle Age |
| 25:15 | Create | Knight |
| 25:32 | Create | Villager (Male) |
| 25:38 | Create | Knight |
| 25:46 | Create | Knight |
| 25:56 | Create | Villager (Male) |
| 26:15 | Build | Siege Workshop |
| 26:16 | Create | Villager (Male) |
| 26:47 | Create | Scorpion |
| 26:52 | Create | Villager (Male) |
| 26:55 | Build | Farm |
| 27:10 | Create | Scorpion |
| 27:27 | Create | Mangonel |
| 27:47 | Create | Villager (Male) |
| 27:51 | Build | House |
| 28:05 | Build | House |
| 28:08 | Create | Knight |
| 28:12 | Create | Villager (Male) |
| 28:22 | Create | Mangonel |
| 28:40 | Create | Knight |
| 28:56 | Create | Villager (Male) |
| 28:57 | Create | Villager (Male) |
| 29:17 | Build | Lumber Camp |
| 29:19 | Create | Villager (Male) |
| 29:25 | Create | Knight |
| 30:18 | Create | Villager (Male) |
| 30:55 | Create | Knight |
| 30:56 | Create | Knight |
Match timeline
| 4:33 | Jerry · first_building Barracks |
| 8:09 | 奉天讨贼 Latin America lagge · wall_segment Palisade Wall x1 |
| 8:10 | 奉天讨贼 Latin America lagge · wall_segment Palisade Wall x1 |
| 8:11 | 奉天讨贼 Latin America lagge · wall_segment Palisade Wall x1 |
| 8:13 | 奉天讨贼 Latin America lagge · wall_segment Palisade Wall x1 |
| 8:14 | 奉天讨贼 Latin America lagge · wall_segment Palisade Wall x1 |
| 8:28 | 奉天讨贼 Latin America lagge · first_building Barracks |
| 9:18 | 奉天讨贼 Latin America lagge · age_up feudal |
| 9:23 | 奉天讨贼 Latin America lagge · first_building Archery Range |
| 9:59 | 奉天讨贼 Latin America lagge · wall_segment Palisade Wall x1 |
| 10:00 | 奉天讨贼 Latin America lagge · wall_segment Palisade Wall x1 |
| 10:02 | 奉天讨贼 Latin America lagge · wall_segment Palisade Wall x1 |
| 10:03 | 奉天讨贼 Latin America lagge · wall_segment Palisade Wall x1 |
| 10:04 | Jerry · wall_segment Palisade Wall x3 |
| 10:06 | Jerry · wall_segment Palisade Wall x6 |
| 11:20 | Jerry · age_up feudal |
| 11:23 | Jerry · first_building Archery Range |
| 12:05 | Jerry · wall_segment Palisade Wall x6 |
| 15:13 | Jerry · wall_segment Palisade Wall x3 |
| 16:04 | Jerry · wall_segment Palisade Wall x4 |
| 17:29 | Jerry · wall_segment Palisade Wall x3 |
| 20:06 | 奉天讨贼 Latin America lagge · wall_segment Palisade Wall x4 |
| 21:53 | Jerry · first_market_buy 100 food |
| 22:50 | Jerry · first_building Stable |
| 24:59 | 奉天讨贼 Latin America lagge · first_market_sell 100 wood |
| 25:01 | 奉天讨贼 Latin America lagge · first_market_buy 100 food |
| 25:03 | Jerry · age_up castle |
| 26:15 | Jerry · first_building Siege Workshop |
| 26:19 | 奉天讨贼 Latin America lagge · wall_segment Palisade Wall x1 |
| 26:19 | 奉天讨贼 Latin America lagge · wall_segment Palisade Wall x1 |
| 26:25 | 奉天讨贼 Latin America lagge · wall_segment Palisade Wall x1 |
| 27:14 | 奉天讨贼 Latin America lagge · first_building Stable |
| 28:34 | 奉天讨贼 Latin America lagge · age_up castle |
| 31:02 | 奉天讨贼 Latin America lagge · first_building Monastery |
| 32:29 | Jerry · resign |
[ AI ANALYSIS · 1 CREDIT ]
What really happened in this match?
Wolo.gg analyzes every decision: build order, eco, micro, common mistakes by bracket. Personalized analysis on WhatsApp or Discord in 30 seconds.
Civ guide
Shu
Perfil
奉天讨贼 Latin America lagge